 Dungeon Sprint DCSS version 0.26-a0-690-gcb57259078 (webtiles) character file.

Game seed: 9230545760424049450

19320 jfcaron the Imperceptible (level 12, -7/64 HPs)
             Began as a Spriggan Enchanter on Oct 23, 2020.
             Was the Champion of Dithmenos.
             Killed from afar by Tiamat (29 damage)
             ... with a bolt of dispelling energy
             ... in the Dungeon (Sprint I: "Red Sonja").
             The game lasted 00:30:16 (3478 turns).

jfcaron the Imperceptible (Spriggan Enchanter)      Turns: 3478, Time: 00:30:17

Health: -7/64      AC:  9    Str: 10    XL:     12   Next: 35%
Magic:  21/25      EV: 35    Int: 20    God:    Dithmenos [******]
Gold:   359        SH:  0    Dex: 24    Spells: 15/27 levels left

rFire    . . .     SeeInvis +   a - +6 dagger of the People {flame, rPois MR+}
rCold    + . .     Faith    .   (shield restricted)
rNeg     . . .     Spirit   .   o - +4 robe of Augmentation {Str+4 Int+4 Dex+4}
rPois    +         Reflect  .   (helmet restricted)
rElec    +         Harm     .   m - +2 cloak
rCorr    .         Rampage  .   (gloves unavailable)
MR       +++..     NoTele   +   (boots unavailable)
Stlth    +++++.....             (no amulet)
HPRegen  0.20/turn              n - ring of Generosity {+Fly rElec rF+ Str+2 Dex-2}
MPRegen  0.19/turn              y - ring of ice

@: flying (expiring), hasted (expiring), wreathed by umbra, drained, very quick
A: very small, unfitting armour, see invisible, speed 3
0: Orb of Zot
a: Shadow Step, Shadow Form, Renounce Religion, Stop Flying


You were in the Dungeon.
You worshipped Dithmenos.
Dithmenos was exalted by your worship.
You visited 1 branch You collected 3764 gold pieces.
You spent 3405 gold pieces at shops.

Inventory:

Hand Weapons
 a - the +6 dagger of the People (weapon) {flame, rPois MR+}
   (You bought it in a shop in the Dungeon)

   It has been specially enchanted to burn those struck by it, causing extra
   injury to most foes and up to half again as much damage against particularly
   susceptible opponents.
   It protects you from poison.
   It affects your resistance to hostile enchantments.
 j - a +1 dagger of distortion
Missiles
 b - 37 arrows
 h - 16 curare-tipped darts {!f}
 l - 29 stones (quivered)
 C - 11 sling bullets
Armour
 m - a +2 cloak (worn)
 o - the +4 robe of Augmentation (worn) {Str+4 Int+4 Dex+4}
   (You bought it in a shop in the Dungeon)

   It affects your strength (+4).
   It affects your intelligence (+4).
   It affects your dexterity (+4).
Jewellery
 n - the ring of Generosity (left hand) {+Fly rElec rF+ Str+2 Dex-2}
   (You acquired it in the Dungeon)

   [ring of flight]

   It affects your strength (+2).
   It affects your dexterity (-2).
   It protects you from fire.
   It insulates you from electricity.
   It lets you fly.
 y - a ring of ice (right hand)
 F - an uncursed amulet of reflection
Wands
 B - a wand of acid (6)
Scrolls
 i - 3 scrolls of blinking
 k - a scroll of fear
 p - 5 scrolls of remove curse
 q - a scroll of summoning
 r - a scroll of amnesia
 s - a scroll of immolation
 t - 2 scrolls of fog
 u - 2 scrolls of magic mapping
 G - a scroll of brand weapon
Potions
 d - a potion of cancellation
 e - 4 potions of curing
 f - 2 potions of haste
 g - 2 potions of magic
 v - a potion of lignification
 w - 4 potions of heal wounds
 x - a potion of resistance
 A - 3 potions of stabbing
 E - 2 potions of invisibility
Miscellaneous
 D - a phial of floods (inert)


   Skills:
 + Level 7.9(6.6) Fighting
 - Level 13.0(11.5) Short Blades
 + Level 17.3(15.8) Dodging
 + Level 21.9(20.2) Stealth
 - Level 8.0(6.7) Spellcasting
 + Level 16.7(15.2) Hexes
 - Level 5.0(3.8) Ice Magic
 + Level 12.0(10.6) Invocations


You had 15 spell levels left.
You knew the following spells:

 Your Spells              Type           Power        Failure   Level
a - Corona                Hex            ######.      1%          1
b - Ensorcelled Hibernat  Hex/Ice        ######       1%          2
c - Confusing Touch       Hex            ######..     1%          3
d - Tukima's Dance        Hex            ######..     1%          3
e - Dazzling Flash        Conj/Hex       #####.       1%          3

Your spell library contained the following spells:

 Spells                   Type           Power        Failure   Level


Dungeon Overview and Level Annotations

Branches:
Dungeon (1/1)

Altars:
Cheibriados
Dithmenos
Elyvilon
Fedhas
Gozag
Hepliaklqana
Kikubaaqudgha
Makhleb
Nemelex Xobeh
Okawaru
Qazlal
Ru
Sif Muna
Trog
Uskayaw
Vehumet
Wu Jian
Xom
Yredelemnul
Zin
The Shining One
Jiyva
Lugonu

Shops:
D =(((!}?*=?[(!!=[*

Annotations:
D Tiamat


Innate Abilities, Weirdness & Mutations

You are very small and have problems with some larger weapons.
You are too small for most types of armour.
You have supernaturally acute eyesight. (SInv)
You cover ground extremely quickly.


Message History

Tiamat hits you but does no damage.
You feel drained.
You feel much better.
You see here the Orb of Zot.
You pick up the Orb of Zot!
The Orb lets out a hideous shriek!
The lords of Pandemonium are not amused.
Beware!
Now all you have to do is get back out of the dungeon!
Something screams, "Admit defeat, thou quaking saucy nissette!"
Tiamat is no longer waterlogged.
Evoke which item? (* to show all) (? for menu, Esc to quit)
Press: ? - help, Shift-Dir - straight line, p - Tiamat An iron grate.
This square is wreathed by an umbra and is covered in magical glow.
The damaged grate falls apart.
The now-empty wand crumbles to dust.
Tiamat hits you from afar with a +1 demon trident of draining.
You feel drained.
You feel yourself speed up.
Tiamat breathes dispelling energy at you.
The bolt of dispelling energy hits you!!
Your magical effects are unravelling.
You die...

#'#.#.....§§§§§####.°.......#.#
....#'''######§# +.°....####'#
[...#......§§#§#####°..###))..#
#####.....§§#§§#...#####...####
.[.........≈####.........###
..........≈≈##[......#####
#.).....≈≈≈###......##
###|.≈≈≈≈### #).§§§##
##'######'####..@§§#
∩∩########∩∩###.##§#####
#∩∩∩∩∩∩∩∩∩∩###≈≈§§≈§§§§#
############ ##d##§#####
#.....+ #######


You could see Tiamat (catching breath).

Vanquished Creatures
  4 fire giants (D)
  A lorocyproca (D)
  A hydra (D)
  2 centaur warriors (D)
  Sonja (D)
  7 unseen horrors (D)
  A deep troll (D)
  A lindwurm (D)
  An oklob plant (D)
  2 gargoyles (D)
  2 kobold demonologists (D)
  4 demonic crawlers (D)
  A hornet (D)
  A meliai (D)
  A slime creature (D)
  2 redbacks (D)
  Sigmund (D)
  13 hogs (D)
  A yak (D)
  3 floating eyes (D)
  An ogre (D)
  7 necrophages (D)
  8 jellies (D)
  Ijyb (D)
  2 ballistomycete spores (D)
69 creatures vanquished.

Notes
Turn   | Place    | Note
-------+----------+-------------------------------------------
     0 | D        | jfcaron the Spriggan Enchanter began the quest for the Orb.
     0 | D        | Reached XP level 1. HP: 9/9 MP: 5/5
     2 | D        | Noticed Ijyb
    13 | D        | Killed Ijyb
    13 | D        | Reached skill level 5 in Stealth
    13 | D        | Reached XP level 2. HP: 13/13 MP: 5/8
    33 | D        | Noticed an ogre
    35 | D        | HP: 1/13 [ogre/+0 giant club (12)]
    50 | D        | Killed an ogre
    50 | D        | Reached skill level 8 in Stealth
    50 | D        | Reached skill level 5 in Spellcasting
    50 | D        | Reached XP level 3. HP: 12/16 MP: 8/10
    50 | D        | Reached XP level 4. HP: 16/21 MP: 9/12
   135 | D        | Learned a level 2 spell: Ensorcelled Hibernation
   139 | D        | Learned a level 3 spell: Confusing Touch
   143 | D        | Learned a level 3 spell: Tukima's Dance
   147 | D        | Learned a level 3 spell: Dazzling Flash
   149 | D        | Noticed Sigmund
   152 | D        | Killed Sigmund
   152 | D        | Reached skill level 10 in Stealth
   152 | D        | Reached XP level 5. HP: 24/24 MP: 9/13
   205 | D        | Found an ornate altar of the Wu Jian Council.
   205 | D        | Found a shimmering blue altar of Sif Muna.
   207 | D        | Found a radiant altar of Vehumet.
   211 | D        | Reached XP level 6. HP: 28/28 MP: 14/14
   245 | D        | Found Athan's Weapon Emporium.
   245 | D        | Found an ancient bone altar of Kikubaaqudgha.
   245 | D        | Found a hazy altar of Hepliaklqana.
   245 | D        | Found a stormy altar of Qazlal.
   245 | D        | Found a hide-covered altar of Uskayaw.
   245 | D        | Found a blossoming altar of Fedhas.
   245 | D        | Found a bloodstained altar of Trog.
   245 | D        | Found an iron altar of Okawaru.
   245 | D        | Found a basalt altar of Yredelemnul.
   245 | D        | Found a glowing golden altar of the Shining One.
   245 | D        | Found a snail-covered altar of Cheibriados.
   245 | D        | Found a sacrificial altar of Ru.
   245 | D        | Found a glowing silver altar of Zin.
   245 | D        | Found a shadowy altar of Dithmenos.
   245 | D        | Found a white marble altar of Elyvilon.
   245 | D        | Noticed a yak
   246 | D        | Found an opulent altar of Gozag.
   251 | D        | Killed a yak
   251 | D        | Reached skill level 10 in Dodging
   251 | D        | Reached skill level 11 in Stealth
   252 | D        | Found a sparkling altar of Nemelex Xobeh.
   258 | D        | Became a worshipper of Dithmenos the Shadowed
   369 | D        | Noticed Sonja
   373 | D        | Killed Sonja
   373 | D        | Reached skill level 10 in Short Blades
   373 | D        | Reached skill level 14 in Stealth
   373 | D        | Reached skill level 10 in Hexes
   373 | D        | Reached XP level 7. HP: 32/32 MP: 15/15
   493 | D        | Killed a gargoyle
   553 | D        | Noticed a deep troll
   557 | D        | Killed a deep troll
   557 | D        | Reached skill level 15 in Stealth
   557 | D        | Reached XP level 8. HP: 39/39 MP: 16/16
   591 | D        | Noticed a centaur warrior
   591 | D        | Noticed a centaur warrior
   594 | D        | Killed a centaur warrior
   594 | D        | Reached * piety under Dithmenos
   594 | D        | Reached skill level 16 in Stealth
   594 | D        | Reached skill level 5 in Invocations
   594 | D        | Reached XP level 9. HP: 46/46 MP: 17/17
   596 | D        | Killed a centaur warrior
   596 | D        | Reached skill level 5 in Fighting
   596 | D        | Reached skill level 17 in Stealth
   621 | D        | Found Nextuw's Armour Emporium.
   628 | D        | Bought the +4 robe of Augmentation {Str+4 Int+4 Dex+4} for
                  | 634 gold pieces
   628 | D        | Found the +4 robe of Augmentation {Str+4 Int+4 Dex+4}
   643 | D        | Bought a +0 cloak for 54 gold pieces
   667 | D        | Found a burning altar of Makhleb.
   667 | D        | Found a shimmering altar of Xom.
   668 | D        | Found a viscous altar of Jiyva.
   668 | D        | Found a corrupted altar of Lugonu.
   696 | D        | Noticed a kobold demonologist
   697 | D        | Noticed a kobold demonologist
   699 | D        | Reached ** piety under Dithmenos
   700 | D        | Killed a kobold demonologist
   700 | D        | Reached skill level 18 in Stealth
   705 | D        | Killed a kobold demonologist
   733 | D        | Noticed a demonic crawler
   733 | D        | Noticed a demonic crawler
   733 | D        | Noticed a demonic crawler
   733 | D        | Noticed a demonic crawler
   750 | D        | Killed a demonic crawler
   765 | D        | Killed a demonic crawler
   765 | D        | Reached *** piety under Dithmenos
   765 | D        | Reached XP level 10. HP: 44/51 MP: 7/18
   787 | D        | HP: 9/51 [demonic crawler (3)]
  1113 | D        | Noticed a lindwurm
  1116 | D        | Killed a lindwurm
  1116 | D        | Reached **** piety under Dithmenos
  1134 | D        | Reached skill level 15 in Dodging
  1139 | D        | Reached skill level 19 in Stealth
  1142 | D        | Reached ***** piety under Dithmenos
  1249 | D        | Reached skill level 5 in Ice Magic
  1359 | D        | Noticed a daeva
  1365 | D        | Noticed a 12-headed hydra
  1367 | D        | Killed a 12-headed hydra
  1367 | D        | Reached ****** piety under Dithmenos
  1369 | D        | Reached skill level 10 in Invocations
  1378 | D        | Noticed a merfolk siren
  1378 | D        | Noticed a deep elf annihilator
  1619 | D        | Reached skill level 20 in Stealth
  1619 | D        | Reached XP level 11. HP: 55/55 MP: 19/19
  1629 | D        | Noticed an oklob plant
  1631 | D        | Killed an oklob plant
  1669 | D        | Noticed an unseen horror
  1670 | D        | Noticed an unseen horror
  1676 | D        | Killed an unseen horror
  1678 | D        | Killed an unseen horror
  1696 | D        | Reached skill level 15 in Hexes
  1827 | D        | Found Nalaiwk's Antique Weapon Shoppe.
  1827 | D        | Found Koyci's Weapon Shop.
  1827 | D        | Found Jionadgh's Distillery.
  1829 | D        | Found Afrileuquj's Gadget Emporium.
  1829 | D        | Found Bijuaps's Magic Scroll Shop.
  1829 | D        | Found Gisoag's General Store.
  1829 | D        | Found Aggelaf's Jewellery Boutique.
  1829 | D        | Found Asaacag's Magic Scroll Emporium.
  1829 | D        | Found Siucke's Antique Armour Shop.
  1829 | D        | Found Waegurph's Antique Weapon Shoppe.
  1833 | D        | Found Xealluz's Distillery.
  1834 | D        | Found Qagiedan's Jewellery Emporium.
  1834 | D        | Found Gibrof Kemi's Distillery.
  1835 | D        | Found Foba Min's Assorted Antiques.
  1856 | D        | Bought a twisted dagger for 182 gold pieces
  1856 | D        | Identified the +6 dagger of the People {flame, rPois MR+}
                  | (You bought it in a shop in the Dungeon)
  1867 | D        | Bought a scroll of identify for 20 gold pieces
  1874 | D        | Bought a scroll labeled MUYZYF USOIT for 27 gold pieces
  1874 | D        | Bought a scroll labeled JIOC KANOGIY for 27 gold pieces
  1879 | D        | Bought a scroll of fog for 26 gold pieces
  1879 | D        | Bought a scroll of magic mapping for 45 gold pieces
  1884 | D        | Bought a potion of lignification for 30 gold pieces
  1884 | D        | Bought a potion of heal wounds for 50 gold pieces
  1884 | D        | Bought a potion of heal wounds for 50 gold pieces
  1887 | D        | Bought a scroll of remove curse for 30 gold pieces
  1890 | D        | Bought a potion of resistance for 100 gold pieces
  1907 | D        | Bought a potion of heal wounds for 70 gold pieces
  1912 | D        | Bought a scroll of enchant armour for 75 gold pieces
  1915 | D        | Bought a scroll of fear for 49 gold pieces
  1918 | D        | Bought a scroll of identify for 26 gold pieces
  1918 | D        | Bought a scroll of summoning for 123 gold pieces
  1922 | D        | Bought a scroll of identify for 28 gold pieces
  1926 | D        | Bought a scroll of acquirement for 676 gold pieces
  1926 | D        | Acquired the ring of Generosity {+Fly rElec rF+ Str+2
                  | Dex-2}
  1931 | D        | Bought a scroll of fog for 28 gold pieces
  1972 | D        | Found Keojan's Jewellery Boutique.
  2050 | D        | Noticed a lorocyproca
  2052 | D        | Killed a lorocyproca
  2678 | D        | Bought a potion of stabbing for 56 gold pieces
  2989 | D        | Bought a wand of acid (9) for 338 gold pieces
  3152 | D        | Bought a scroll of blinking for 75 gold pieces
  3158 | D        | Bought a potion of heal wounds for 70 gold pieces
  3158 | D        | Bought 2 potions of invisibility for 224 gold pieces
  3158 | D        | Bought a potion of heal wounds for 70 gold pieces
  3158 | D        | Bought a potion of curing for 42 gold pieces
  3167 | D        | Bought 2 potions of stabbing for 80 gold pieces
  3167 | D        | Bought a potion of haste for 100 gold pieces
  3230 | D        | Noticed an unseen horror
  3230 | D        | Noticed an unseen horror
  3230 | D        | Noticed an unseen horror
  3231 | D        | Noticed an unseen horror
  3233 | D        | Killed an unseen horror
  3234 | D        | Noticed an unseen horror
  3235 | D        | Killed an unseen horror
  3236 | D        | Killed an unseen horror
  3238 | D        | Killed an unseen horror
  3240 | D        | Killed an unseen horror
  3244 | D        | Noticed a fire giant
  3247 | D        | Noticed a fire giant
  3248 | D        | Noticed a fire giant
  3249 | D        | Noticed a fire giant
  3259 | D        | Killed a fire giant
  3259 | D        | Reached skill level 21 in Stealth
  3259 | D        | Reached XP level 12. HP: 49/62 MP: 15/25
  3267 | D        | Killed a fire giant
  3269 | D        | Killed a fire giant
  3430 | D        | Killed a fire giant
  3455 | D        | Identified the +4 dragonskin cloak
  3455 | D        | Noticed Tiamat
  3464 | D        | HP: 2/64 [Tiamat/+1 demon trident of draining (11)]
  3471 | D        | Got the Orb of Zot
  3478 | D        | Killed from afar by Tiamat

Illustrated notes

Levels and vault maps discovered:
D:        dungeon_sprint_1 [red_sonja_temple_1, red_sonja_temple_small_1]

Skill      XL: |  1  2  3  4  5  6  7  8  9 10 11 12 |
---------------+-------------------------------------+-----
Short Blades   | 2 4 6 10 12 13 | 13.0
Dodging        | 4 6 8 9 10 11 12 14 15 16 17 | 17.3
Stealth        | 5 8 10 14 15 16 18 20 21 | 21.9
Spellcasting   | 4 5 8 |  8.0
Hexes          | 4 6 7 8 10 12 16 | 16.7
Ice Magic      | 3 5 |  5.0
Fighting       | 2 4 5 6 7 |  7.9
Invocations    | 3 5 7 10 11 12 | 12.0

Action                   |  1- 3 |  4- 6 |  7- 9 | 10-12 || total
-------------------------+-------+-------+-------+-------++-------
Melee: Dagger            |    13 |     6 |    25 |   107 ||   151
Throw: Stone             |       |       |       |     9 ||     9
 Cast: Corona            |     1 |       |       |       ||     1
       Confusing Touch   |       |     2 |     2 |     6 ||    10
       Ensorcelled Hiber |       |     3 |     3 |    22 ||    28
       Dazzling Flash    |       |       |     2 |     2 ||     4
       Tukima's Dance    |       |       |       |     2 ||     2
Invok: Shadow Step       |       |       |       |     5 ||     5
 Abil: Evoke Flight      |       |       |       |     1 ||     1
Evoke: Wand              |       |       |       |     7 ||     7
       Phial of floods   |       |       |       |     1 ||     1
  Use: Potion            |     3 |       |       |     2 ||     5
       Scroll            |       |       |       |     9 ||     9
 Stab: Sleeping          |       |     4 |     7 |    44 ||    55
       Confused          |       |     1 |     1 |     5 ||     7
       Invisible         |       |       |     2 |     2 ||     4
       Distracted        |       |       |       |     2 ||     2
Armor: Robe              |       |       |     1 |    12 ||    13
Dodge: Dodged            |     8 |     2 |    47 |   111 ||   168

Table legend: (Time is in decaauts)
 A = Elapsed time spent in this place.
 B = Non-inter-level travel time spent in this place.
 C = Inter-level travel time spent in this place.
 D = Time resting spent in this place.
 E = Time spent auto-exploring this place.
 F = Levels seen in this place.
 G = Mean time per level.
                   A        B        C        D        E       F      G
               +--------+--------+--------+--------+--------+-----+--------+
         Total |   2917 |   2597 |    320 |   1683 |      0 |   1 | 2917.0 |
       Dungeon |   2917 |   2597 |    320 |   1683 |      0 |   1 | 2917.0 |
               +--------+--------+--------+--------+--------+-----+--------+

Top non-repeatable levels by time:
       D: 2917 daAuts
